 Dungeon Crawl Stone Soup version 0.31-a0-833-gc15d34cb79 (webtiles) character file.

Game seed: 11083102072528090434

178 ipx the Chopper (level 5, -2/27 HPs)
             Began as a Vine Stalker Fighter on Sept 25, 2023.
             Succumbed to a kobold brigand's curare-tipped dart
             ... in a sewer.
             The game lasted 00:10:57 (939 turns).

ipx the Chopper (Vine Stalker Fighter)               Turns: 939, Time: 00:10:57

Health: -2/27      AC:  6    Str: 20    XL:     5   Next: 58%
Magic:  10/15      EV:  9    Int:  8    God:
Gold:   108        SH:  4    Dex: 14    Spells: 4/4 levels left

rFire   . . .        a - +0 war axe
rCold   . . .        c - +0 buckler
rNeg    . . .        b - +0 scale mail
rPois   .            (no helmet)
rElec   .            (no cloak)
rCorr   .            (no gloves)
SInv    .            (no boots)
Will    .....        (no amulet) Stlth
                     P - ring of magical power
HPRegen 1.04/turn    (no ring)
MPRegen 0.14/turn

%: guardian spirit
@: brilliant, lethally poisoned (-2 -> -10), slowed, very slow
A: fangs 2, regeneration 1, magic shield, antimagic bite, no potion heal 2
a: no special abilities


You were in a sewer.
You visited 1 branch of the dungeon, and saw 5 of its levels.
You also visited: Sewer.

You collected 108 gold pieces.

Inventory:

Hand Weapons
 a - a +0 war axe (weapon)
Missiles
 i - 11 poisoned darts
Armour
 b - a +0 scale mail (worn)
 c - a +0 buckler (worn)
Jewellery
 P - a ring of magical power (left hand)
Scrolls
 j - 3 scrolls of identify {unknown}
 k - a scroll of amnesia {unknown}
 m - a scroll of teleportation {unknown}
 n - a scroll of revelation {unknown}
 o - 2 scrolls of fear {unknown}
Potions
 d - a potion of might
 f - a potion of enlightenment {unknown}
 g - a potion of heal wounds
 h - a potion of attraction {unknown}
 l - a potion of berserk rage {unknown}
 p - a potion of haste {sewer, unknown}


   Skills:
 - Level 2.6 Fighting
 + Level 5.1 Axes
 - Level 2.4 Armour
 - Level 2.6 Shields


You had 4 spell levels left.
You didn't know any spells.
Your spell library contained the following spells:

 Spells                   Type           Power      Damage    Failure   Level
 Blink                    Tloc           0%         N/A       94%         2
 Lesser Beckoning         Tloc           0%         N/A       94%         2
 Momentum Strike          Conj/Tloc      0%         3d8       94%         2
 Anguish                  Hex/Necr       0%         N/A       100%        4
 Cause Fear               Hex            0%         N/A       100%        4
 Enfeeble                 Hex            0%         N/A       100%        7


Dungeon Overview and Level Annotations

Branches:
Dungeon (5/15)              Sewer (1/1)
 Temple: D:4-7

Altars:

Shops:
D:3 [


Innate Abilities, Weirdness & Mutations

You have extremely sharp teeth.
Your natural rate of healing is unusually fast.
When hurt, damage is shared between your health and your magic reserves.
Your bite disrupts and absorbs the magic of your enemies.
Potions cannot restore your health.


Message History

You drain its power.
The plant is lightly damaged.
You hit the plant.
The plant is lightly damaged.
You slash the plant! You bite the plant. You drain its power.
The plant is lightly damaged.
You slash the plant! You bite the plant. You drain its power.
The plant is moderately damaged.
A nearby plant withers and dies.
You enter the shallow water.
Moving in this stuff is going to be slow.
Found a red potion.
p - a red potion Inscribe with what? sewer You enter the shallow water.
Moving in this stuff is going to be slow.
You enter the shallow water.
Moving in this stuff is going to be slow.
A kobold brigand comes into view.
It is wielding a +0 club and quivering curare-tipped darts.
The kobold brigand shouts!
You hear a shout!
The kobold brigand throws a curare-tipped dart.
The curare-tipped dart hits you.
You are poisoned.
You have difficulty breathing.
You feel yourself slow down.
The kobold brigand throws a curare-tipped dart.
The curare-tipped dart hits you.
You are lethally poisoned!
You have difficulty breathing.
You feel as though you will be slow longer.
* * * LOW HITPOINT WARNING * * *
You feel extremely sick.
Items here: )) ÷÷÷.
It was a potion of heal wounds.
That seemed strangely inert.
* * * LOW HITPOINT WARNING * * *
You feel extremely sick.
It was a potion of brilliance.
You feel clever all of a sudden.
You die...

#≈≈≈...#~#~~~.~~..P#
#####....~~
#≈≈≈.∩.#~#.~.~.~~..#
#.~###.#~#.
#≈≈≈≈.∩.#~##...######
#~~# #.#~#
#≈≈≈....#~##...~~~~~#
#~~# ###~#
######..#~####.######
#~## #~# ~P.#~# #.~~~~.#
##.# ###~# #.##~#
#..~..~# #.## #~#~#
PP##~#
##.~~P####.####~#~#
.###~# #÷@PP~~~~~~~~~.#~#
########.~.#########.#~#
~K~~~~~~~~....~..~.~~#~#
#P######~~~.~..~~.~~.#†#≈
#~.~~.~..~.~....~≈
#.~~..~.~~P..~....≈
#~.~.~..~.....~..≈≈
#~~~~..~..~...~...≈≈
#~~....~.P..#~#.~.≈≈≈


There were no monsters in sight!

Vanquished Creatures
  A howler monkey (D:3)
  6 adders
  4 river rats (Sewer)
  2 dart slugs
  6 ball pythons
  4 endoplasms
  A giant cockroach (D:4)
  2 hobgoblins
  6 jackals
  9 kobolds
  A quokka (D:2)
  A bat (D:1)
  4 frilled lizards
  4 rats
51 creatures vanquished.

Notes
Turn   | Place    | Note
-------+----------+-------------------------------------------
     0 | D:1      | ipx the Vine Stalker Fighter began the quest for the Orb.
     0 | D:1      | Reached XP level 1. HP: 11/11 MP: 2/2
    46 | D:1      | Reached skill level 2 in Axes
   142 | D:1      | Reached XP level 2. HP: 16/16 MP: 3/3
   259 | D:2      | Reached skill level 3 in Axes
   273 | D:2      | Reached XP level 3. HP: 19/19 MP: 4/4
   332 | D:3      | Reached skill level 4 in Axes
   332 | D:3      | Reached XP level 4. HP: 23/23 MP: 5/5
   446 | D:5      | Entered Level 5 of the Dungeon
   573 | D:3      | Found Dukorph's Armour Boutique.
   644 | D:3      | Found a glowing drain.
   653 | Sewer    | Entered a sewer
   701 | Sewer    | Reached XP level 5. HP: 25/27 MP: 6/6
   791 | Sewer    | Reached skill level 5 in Axes
   935 | Sewer    | Noticed a kobold brigand
   938 | Sewer    | HP: 1/27 [poisoned by a kobold brigand (curare-tipped
                  | dart)]
   939 | Sewer    | Succumbed to a kobold brigand's curare-tipped dart

Illustrated notes

Levels and vault maps discovered:
D:1:      sevenhm_arrival_forest_fort_small_5, layout_basic
D:2:      layout_basic, uniq_terence
D:3:      layout_basic, ashenzari_altar_1, mainiacjoe_overflow_brackets,
          serial_shops, nicolae_square_shop, portal_sewer_entry_d,
          shapermc_ecumenical_altar_venn
D:4:      layout_loops_cross, lightli_temple_of_fire
D:5:      layout_rooms, mainiacjoe_overflow_chevrons,
          lemuel_coloured_pillars_altar, grunt_gozag_statues, serial_bayou,
          serial_bayou_lake_a, serial_bayou_pond_d, serial_bayou_crossing,
          serial_bayou_pond_e, nicolae_elevator_lobby_plus
Sewer:    sewer_co_scattered_pipes

Skill      XL: |  1  2  3  4  5 |
---------------+----------------+-----
Axes           | 2 3 4 5 |  5.1
Fighting       | |  2.6
Armour         | |  2.4
Shields        | |  2.6

Action                     |  1- 3 |  4- 6 || total
---------------------------+-------+-------++-------
  Melee: War axe           |    49 |    89 ||   138
         Bite              |     4 |    16 ||    20
    Use: Potion            |       |     2 ||     2
 Armour: Scale mail        |    33 |    51 ||    84
  Dodge: Dodged            |    14 |    35 ||    49
  Block: Buckler           |     9 |    21 ||    30

Table legend: (Time is in decaauts)
 A = Elapsed time spent in this place.
 B = Non-inter-level travel time spent in this place.
 C = Inter-level travel time spent in this place.
 D = Time resting spent in this place.
 E = Time spent auto-exploring this place.
 F = Levels seen in this place.
 G = Mean time per level.
                   A        B        C        D        E       F      G
               +--------+--------+--------+--------+--------+-----+--------+
         Total |   1069 |   1061 |      8 |      0 |      0 |   6 |  178.2 |
       Dungeon |    682 |    674 |      8 |      0 |      0 |   5 |  136.4 |
         Sewer |    387 |    387 |      0 |      0 |      0 |   1 |  387.0 |
               +--------+--------+--------+--------+--------+-----+--------+

Top non-repeatable levels by time:
   Sewer: 387 daAuts
     D:3: 338 daAuts
     D:1: 224 daAuts
     D:2: 61 daAuts
     D:4: 55 daAuts
     D:5: 1 daAuts
